 Dungeon Crawl Stone Soup version 0.31.0-9-g3a7656b989 (webtiles) character file.

Game seed: 18233228896205014459

1120 qw the Skirmisher (level 8, -1/40 HPs)
             Began as a Spriggan Hunter on Feb 2, 2024.
             Slain by a black bear (6 damage)
             ... on level 5 of the Dungeon.
             The game lasted 00:00:17 (4078 turns).

qw the Skirmisher (Spriggan Hunter)                 Turns: 4078, Time: 00:00:18

Health: -1/40      AC:  2    Str:  6    XL:     8   Next: 12%
Magic:  9/9        EV: 23    Int: 14    God:
Gold:   42         SH:  0    Dex: 20    Spells: 7/7 levels left

rFire   . . .        l - +0 arbalest
rCold   . . .        (shield currently unavailable)
rNeg    + . .        c - +0 robe
rPois   .            (helmet restricted)
rElec   .            (no cloak)
rCorr   .            (gloves unavailable)
SInv    +            (boots unavailable)
Will    ++...        (no amulet)
Stlth   ++           m - ring of positive energy
HPRegen 0.26/turn    (no ring)
MPRegen 0.11/turn

%: no passive effects
@: about to teleport, very quick
A: very small, no large weapons, unfitting armour, see invisible, speed 3, fangs
1, clever 1, strong-willed 1
a: no special abilities


You were on level 5 of the Dungeon.
You visited 1 branch of the dungeon, and saw 6 of its levels.

You collected 302 gold pieces.
You spent 260 gold pieces at shops.


Innate Abilities, Weirdness & Mutations

You are very small and have problems with some larger weapons.
You are too small for most types of armour.
You have supernaturally acute eyesight. (SInv)
You cover ground extremely quickly. (Speed+++)
You have very sharp teeth.
Your mind is acute. (Int +4, Str/Dex -1)
You are strong-willed. (Will+)


   Skills:
 - Level 3.0 Fighting
 - Level 8.3 Ranged Weapons
 + Level 7.6 Dodging
 - Level 1.5 Stealth


You had 7 spell levels left.
You didn't know any spells.
Your spell library was empty.

Inventory:

Hand Weapons
 l - a +0 arbalest (weapon)
Armour
 c - a +0 robe (worn)
Jewellery
 m - a ring of positive energy (left hand)
Wands
 h - a wand of mindburst (6)
 j - a wand of charming (12)
 k - a wand of digging (7)
Scrolls
 b - 2 scrolls of teleportation
Potions
 d - a potion of haste
 e - 3 potions of curing
 f - a potion of heal wounds {unknown}
 g - a potion of might
 i - 2 potions of mutation

Dungeon Overview and Level Annotations

Branches:
Dungeon (6/15)
 Temple: D:4-7

Altars:
Cheibriados
Fedhas
Makhleb

Shops:
D:5 =

Annotations:
D:3 1 runed translucent door, qw's ghost, amateur SpHu


Message History

You climb downwards.
The black bear barely misses you. The black bear claws you.
The black bear misses you.
The centaur shoots an arrow.
The arrow barely misses you. The black bear barely misses you.
The black bear misses you. x2; The centaur shoots an arrow.
The arrow hits you!
There is a stone staircase leading up here.
4070 ||| STAIRDANCE The centaur shoots an arrow.
The arrow closely misses you. The black bear completely misses you.
The black bear misses you. x2
You climb upwards.
There is a stone staircase leading down, spattered with blood here.
You shoot a bolt. The bolt barely misses the black bear.
The black bear completely misses you. The black bear barely misses you.
The black bear claws you.
You shoot a bolt. The bolt barely misses the black bear.
The black bear bites you.
The black bear claws you but does no damage.
The black bear completely misses you. x2; The black bear misses you.
The black bear claws you.
You shoot a bolt. The bolt hits the black bear.
The black bear is moderately wounded.
The black bear bites you but does no damage.
The black bear closely misses you. The black bear barely misses you.
You shoot a bolt.
The bolt hits the black bear but does no damage.
The black bear is moderately wounded.
The black bear misses you. The black bear claws you. x2
The black bear bites you but does no damage.
The black bear misses you. The black bear closely misses you.
You shoot a bolt. The bolt hits the black bear.
The black bear is moderately wounded.
The black bear completely misses you. The black bear misses you.
The black bear claws you.
4077 ||| READING 3 scrolls of teleportation.
As you read the scroll of teleportation, it crumbles to dust.
You feel strangely unstable.
The black bear misses you. x2; The black bear barely misses you.
You shoot a bolt. The bolt barely misses the black bear.
The black bear bites you. The black bear barely misses you.
The black bear misses you. The black bear bites you.
You die...

#...[.###..###.###.....##
#..##<.###.....# ##...##
#...##..####..## #####
##......##.....##
...####.....##..#
##.####..##.###.#
#...##.........#
#.......##..#.)##
###..###..##...)@## #....#
##.####.h[[## #.##.####.#
#.....### ........#f#
##..#.:.# ......#.#.#
##.###.#
........#.######.###.#####
........#......#..##.....#
.............#...........#
.......)......##....#....#


You could see a black bear.

Vanquished Creatures
  A wyvern (D:5)
  Edmund (D:4)
  An ogre (D:5)
  A centaur (D:5)
  A phantom (D:4)
  A howler monkey (D:5)
  A bombardier beetle (D:3)
  3 hounds (D:4)
  2 orc priests
  4 iguanas
  A sleepcap (D:5)
  4 orc wizards
  Robin (D:4)
  3 adders
  2 dart slugs (D:3)
  A ribbon worm (D:3)
  21 orcs
  6 bats
  4 endoplasms
  2 giant cockroaches (D:2)
  17 goblins
  10 hobgoblins
  4 quokkas
  5 ball pythons
  3 frilled lizards
  6 kobolds
  A rat (D:1)
107 creatures vanquished.

Notes
Turn   | Place    | Note
-------+----------+-------------------------------------------
     0 | D:1      | qw the Spriggan Hunter began the quest for the Orb.
     0 | D:1      | Reached XP level 1. HP: 10/10 MP: 2/2
     0 | D:1      | 0 ||| qw: Version: 0.3-a-155-g5e7d8dd
     0 | D:1      | 0 ||| qw: Game counter: 2152
     0 | D:1      | 0 ||| qw: Melee chars always use a shield: true
     0 | D:1      | 0 ||| qw: God list: Okawaru
     0 | D:1      | 0 ||| qw: Allow faded altars: false
     0 | D:1      | 0 ||| qw: Do Orc after clearing Dungeon:15 true
     0 | D:1      | 0 ||| qw: Do second Lair branch before Depths: true
     0 | D:1      | 0 ||| qw: Lair rune preference: random
     0 | D:1      | 0 ||| qw: Goals: Normal
     0 | D:1      | 0 ||| PLANNING D:1-11
    33 | D:1      | Reached skill level 3 in Dodging
   273 | D:1      | Found a faded altar of an unknown god.
   281 | D:1      | Reached XP level 2. HP: 14/14 MP: 3/3
   923 | D:1      | 923 ||| DROPPING scroll of butterflies.
   985 | D:2      | Reached XP level 3. HP: 18/18 MP: 4/4
  1568 | D:2      | 1568 ||| READING scroll labelled NIV DIOLEE.
  1572 | D:2      | 1572 ||| READING scroll labelled BEKEIM ULLE.
  1572 | D:2      | 1572 ||| BRANDING +0 shortbow.
  1573 | D:2      | 1573 ||| READING scroll labelled QELIGA FAGHEI.
  1574 | D:2      | 1574 ||| READING scroll labelled USOTHR KULYSH.
  1632 | D:3      | 1632 ||| READING scroll of brand weapon.
  1632 | D:3      | 1632 ||| BRANDING +0 shortbow of chaos.
  1639 | D:3      | Found a burning altar of Makhleb.
  1650 | D:3      | Reached skill level 5 in Ranged Weapons
  1650 | D:3      | Reached XP level 4. HP: 17/22 MP: 5/5
  1924 | D:3      | Reached XP level 5. HP: 25/25 MP: 6/6
  1963 | D:3      | Found a runed translucent door.
  1966 | D:3      | Noticed qw's ghost (amateur SpHu)
  1984 | D:3      | 1984 ||| DRINKING dark potion.
  1984 | D:3      | Gained mutation: You are strong-willed. (Will+) [potion of
                  | mutation]
  1984 | D:3      | Gained mutation: Your mind is acute. (Int +4, Str/Dex -1)
                  | [potion of mutation]
  1984 | D:3      | Gained mutation: You have very sharp teeth. [potion of
                  | mutation]
  1985 | D:3      | 1985 ||| DRINKING bubbling clear potion.
  1986 | D:3      | 1986 ||| DRINKING inky potion.
  2005 | D:3      | HP: 4/26 [orc/+0 war axe (5)]
  2006 | D:3      | 2006 ||| READING scroll of teleportation.
  2366 | D:4      | Noticed a phantom
  2378 | D:4      | Killed a phantom
  2379 | D:4      | Reached skill level 6 in Ranged Weapons
  2379 | D:4      | Reached XP level 6. HP: 12/30 MP: 7/7
  2483 | D:4      | Noticed Edmund
  2497 | D:4      | Killed Edmund
  2498 | D:4      | Reached skill level 6 in Dodging
  2633 | D:4      | Noticed Robin
  2640 | D:4      | Killed Robin
  3036 | D:4      | Found a snail-covered altar of Cheibriados.
  3106 | D:4      | Reached XP level 7. HP: 35/35 MP: 8/8
  3197 | D:4      | Found a blossoming altar of Fedhas.
  3206 | D:4      | 3206 ||| READING scroll labelled KIPNER JAIPN.
  3240 | D:5      | Entered Level 5 of the Dungeon
  3246 | D:5      | Reached skill level 7 in Ranged Weapons
  3250 | D:5      | 3250 ||| STAIRDANCE
  3310 | D:5      | 3310 ||| RETREEEEATING.
  3311 | D:5      | 3311 ||| RETREEEEATING.
  3312 | D:5      | 3312 ||| RETREEEEATING.
  3313 | D:5      | 3313 ||| RETREEEEATING.
  3315 | D:5      | 3315 ||| RETREEEEATING.
  3323 | D:5      | 3323 ||| FLEEEEING.
  3324 | D:5      | 3324 ||| FLEEEEING.
  3325 | D:5      | 3325 ||| FLEEEEING.
  3326 | D:5      | 3326 ||| FLEEEEING.
  3327 | D:5      | 3327 ||| FLEEEEING.
  3328 | D:5      | 3328 ||| FLEEEEING.
  3330 | D:5      | 3330 ||| FLEEEEING.
  3331 | D:5      | 3331 ||| FLEEEEING.
  3332 | D:5      | 3332 ||| FLEEEEING.
  3333 | D:5      | 3333 ||| FLEEEEING.
  3334 | D:5      | 3334 ||| FLEEEEING.
  3335 | D:5      | 3335 ||| FLEEEEING.
  3336 | D:5      | 3336 ||| STAIRDANCE
  3359 | D:5      | 3359 ||| STAIRDANCE
  3531 | D:5      | Noticed a wyvern
  3532 | D:5      | 3532 ||| ZAPPING wand of mindburst (12) at -1,7 (wyvern;
                  | floor).
  3533 | D:5      | 3533 ||| ZAPPING wand of mindburst (11) at -1,6 (wyvern;
                  | floor).
  3534 | D:5      | 3534 ||| ZAPPING wand of mindburst (10) at 0,4 (wyvern;
                  | floor).
  3535 | D:5      | 3535 ||| ZAPPING wand of mindburst (9) at 0,3 (wyvern;
                  | floor).
  3536 | D:5      | 3536 ||| ZAPPING wand of mindburst (8) at 0,1 (wyvern;
                  | floor).
  3537 | D:5      | 3537 ||| ZAPPING wand of mindburst (7) at 0,1 (wyvern;
                  | floor).
  3537 | D:5      | Killed a wyvern
  3538 | D:5      | Reached skill level 8 in Ranged Weapons
  3563 | D:5      | 3563 ||| SWAPPING to +0 arbalest.
  3609 | D:5      | 3609 ||| DROPPING +0 shortbow of draining.
  3703 | D:5      | Found Wasigack's Jewellery Shop.
  3715 | D:5      | 3715 ||| SHOPLISTING +5 ring of evasion (468 gold, have
                  | 284).
  3715 | D:5      | 3715 ||| SHOPLISTING +6 ring of dexterity (468 gold, have
                  | 284).
  3715 | D:5      | 3715 ||| SHOPLISTING amulet of faith (520 gold, have 284).
  3715 | D:5      | 3715 ||| SHOPLISTING amulet of reflection (390 gold, have
                  | 284).
  3715 | D:5      | 3715 ||| SHOPLISTING ring "Ofolip" {AC+4 Dex+2 Stlth+} (650
                  | gold, have 284).
  3715 | D:5      | 3715 ||| SHOPLISTING ring of ice (325 gold, have 284).
  3715 | D:5      | 3715 ||| BUYING ring of positive energy (260 gold).
  3715 | D:5      | Bought a ring of positive energy for 260 gold pieces
  3837 | D:5      | 3837 ||| UPGRADING to ring of positive energy.
  3838 | D:5      | 3838 ||| READING scroll labelled XUFFUSH NESTRUM OCS.
  3838 | D:5      | 3838 ||| IDENTIFYING fuming red potion
  3839 | D:5      | 3839 ||| DRINKING 2 blue potions.
  3860 | D:6      | 3860 ||| STAIRDANCE
  3868 | D:5      | Reached skill level 3 in Fighting
  3868 | D:5      | Reached XP level 8. HP: 19/40 MP: 9/9
  3949 | D:6      | 3949 ||| STAIRDANCE
  3970 | D:5      | 3970 ||| FLEEEEING.
  4037 | D:6      | 4037 ||| STAIRDANCE
  4070 | D:6      | 4070 ||| STAIRDANCE
  4076 | D:5      | HP: 10/40 [black bear (2)]
  4077 | D:5      | 4077 ||| READING 3 scrolls of teleportation.
  4078 | D:5      | Slain by a black bear

Levels and vault maps discovered:
D:1:      co_arrival_random_square_maze, layout_basic, basic_ecumenical_altar,
          serial_bayou_pond_c
D:2:      layout_loops_ring, serial_bayou_lagoon_b
D:3:      layout_basic, overflow_temple_1_default,
          hellmonk_ghost_happy_afterlife, nicolae_the_louvre
D:4:      layout_basic, fedhas_altar_4, chei_slow_surprise, uniq_robin,
          uniq_edmund
D:5:      layout_rooms, nicolae_stop_n_shop_1
D:6:      layout_cave_pools, minivault_27

Skill      XL: |  1  2  3  4  5  6  7 |
---------------+----------------------+-----
Dodging        | 3 4 5 6 7 |  7.6
Ranged Weapons | 5 6 8 |  8.3
Fighting       | 2 3 |  3.0
Stealth        | |  1.5

Action                     |  1- 3 |  4- 6 |  7- 9 || total
---------------------------+-------+-------+-------++-------
   Fire: Shortbow          |    92 |   152 |    51 ||   295
         Arbalest          |       |       |    34 ||    34
  Evoke: Wand              |       |       |     6 ||     6
    Use: Scroll            |     5 |     1 |     3 ||     9
         Potion            |       |     3 |     1 ||     4
 Armour: Robe              |    11 |    26 |    29 ||    66
  Dodge: Dodged            |    36 |    62 |    89 ||   187

Table legend:
 A = Non-vault XP
 B = Vault XP
 C = Vault XP percentage of total XP
 D = Non-vault monster count
 E = Vault monster count
 F = Vault count percentage of total count
                 A         B        C        D         E       F
            +---------+---------+-------+---------+---------+-------
      Total |    1389 |     211 |  13.2 |      95 |      12 |  11.2
            +---------+---------+-------+---------+---------+-------
        D:1 |      28 |       0 |   0.0 |      19 |       0 |   0.0
        D:2 |      37 |       0 |   0.0 |      14 |       0 |   0.0
        D:3 |     234 |       0 |   0.0 |      28 |       0 |   0.0
        D:4 |     372 |     211 |  36.2 |      18 |      12 |  40.0
        D:5 |     718 |       0 |   0.0 |      16 |       0 |   0.0
            +---------+---------+-------+---------+---------+-------
